 Dungeon Crawl Stone Soup version 0.28-a0-410-gbef64dd269 (webtiles) character file.

Game seed: 7652549446350657075

1558 Borgoz the Skirmisher (level 8, -14/73 HPs)
             Began as a Minotaur Berserker on Sept 7, 2021.
             Was an Elder of Trog.
             Killed from afar by an electric eel (15 damage)
             ... with a bolt of electricity
             ... on level 7 of the Dungeon.
             The game lasted 00:09:56 (5454 turns).

Borgoz the Skirmisher (Minotaur Berserker)          Turns: 5454, Time: 00:09:56

Health: -14/73     AC:  7    Str: 22    XL:     8   Next: 58%
Magic:  7/7        EV: 13    Int:  4    God:    Trog [****..]
Gold:   137        SH:  5    Dex: 18    Spells: 7/7 levels left

rFire   . . .      SeeInvis .   a - +1 falchion
rCold   . . .      Faith    .   (no shield)
rNeg    + . .      Spirit   .   v - +0 scale mail
rPois   .          Reflect  +   (helmet restricted)
rElec   .          Harm     .   (no cloak)
rCorr   .          Rampage  .   (no gloves)
Will    .....                   (no boots)
Stlth   ..........              y - amulet of reflection
HPRegen 0.22/turn               f - +6 ring of dexterity
MPRegen 0.10/turn               h - ring of positive energy

@: no status effects
A: horns 2, retaliatory headbutt
a: Renounce Religion, Berserk, Trog's Hand, Brothers in Arms


You were on level 7 of the Dungeon.
You worshipped Trog.
Trog was greatly pleased with you.
You visited 1 branch of the dungeon, and saw 6 of its levels.
You also visited: Sewer and Ossuary.

You collected 137 gold pieces.

Inventory:

Hand Weapons
 a - a +1 falchion (weapon)
 b - a +1 short sword of draining
Armour
 v - a +0 scale mail (worn)
Jewellery
 f - a +6 ring of dexterity (left hand)
 h - a ring of positive energy (right hand)
 s - a ring of protection from cold
 y - an amulet of reflection (around neck)
Wands
 A - a wand of digging (4)
Scrolls
 c - 2 scrolls of enchant armour
 d - a scroll of noise {unknown}
 k - a scroll of amnesia {unknown}
 l - a scroll of brand weapon {unknown}
 p - 2 scrolls of teleportation
 q - 2 scrolls of enchant weapon
 r - a scroll of fog {unknown}
 w - 6 scrolls of identify {unknown}
 D - a scroll of silence {unknown}
Potions
 e - a potion of resistance {unknown}
 g - a potion of berserk rage {unknown}
 i - 4 potions of curing {unknown}
 j - 2 potions of heal wounds {unknown}
 m - 3 potions of cancellation {unknown}
 n - 2 potions of invisibility {unknown}
 o - 4 potions of haste {unknown}
 t - 4 potions of lignification {unknown}
 x - 3 potions of brilliance {unknown}
 z - a potion of magic {unknown}
 B - 2 potions of might {unknown}
 C - a potion of mutation {unknown}
 E - a potion of flight {unknown}


   Skills:
 + Level 7.5 Fighting
 + Level 7.4 Long Blades
 + Level 6.9 Armour
 + Level 6.2 Dodging


You had 7 spell levels left.
You didn't know any spells.
Your spell library was empty.

Dungeon Overview and Level Annotations

Branches:
Dungeon (5/15)             Temple (0/1) D:5           Sewer (visited)
Ossuary (visited)

Altars:


Innate Abilities, Weirdness & Mutations

You have a pair of horns on your head.
You reflexively headbutt those who attack you in melee.


Message History

The electric eel shoots out a bolt of lightning at you!
The bolt of electricity hits you!
The electric eel shoots out a bolt of lightning at you!
The bolt of electricity hits you!
An electric eel comes into view.
Found 18 gold pieces.
Found a stone staircase leading down.
The electric eel shoots out a bolt of lightning at you!
The bolt of electricity misses you.
The bolt of electricity hits the plant!
The plant begins to die.
The electric eel shoots out a bolt of lightning at you!
The bolt of electricity misses you.
The electric eel shoots out a bolt of lightning at you!
The bolt of electricity hits the plant!
The plant begins to die.
The bolt of electricity hits you!
You slash the electric eel! You headbutt the electric eel.
You kill the electric eel!
Trog accepts your kill.
The electric eel shoots out a bolt of lightning at you!
The bolt of electricity hits the plant!
The bolt of electricity hits you!
You are too injured to fight recklessly!
The electric eel shoots out a bolt of lightning at you!
The bolt of electricity hits the plant!
The bolt of electricity hits you!
The electric eel shoots out a bolt of lightning at you!
The bolt of electricity hits the plant!
The bolt of electricity hits you!
* * * LOW HITPOINT WARNING * * *
As you read the scroll of fear, it crumbles to dust.
You assume a fearsome visage.
The plant is unaffected. x26
The electric eel looks frightened!
A nearby plant withers and dies.
A nearby plant withers and dies.
An electric eel comes into view.
The electric eel shoots out a bolt of lightning at you!
The bolt of electricity hits you!
* * * LOW HITPOINT WARNING * * *
The electric eel shoots out a bolt of lightning at you!
The bolt of electricity hits you!
* * * LOW HITPOINT WARNING * * *
The electric eel shoots out a bolt of lightning at you!
The bolt of electricity hits you!
You die...

....≈≈PP≈≈ #....P;≈≈≈
##....≈PPP# .. ##......##
... #........## #..######
##........... #.♣≈....#
##............
###.≈≈.≈P.###).......)....
.....≈≈≈..##)).@##........
.....###..................
......#≈.PP...............
......P≈.P≈P......###......
....P≈.≈P≈≈≈...#### .....
..PPP≈≈♣≈≈..#### ...
P.PP♣≈≈≈P.≈.##
≈≈≈♣≈≈≈≈≈≈...#
≈≈♣PP........##


You could see an electric eel.

Vanquished Creatures
  Prince Ribbit (D:5)
  Grinder (D:4)
  A wraith (Ossuary)
  An orc warrior (D:7)
  2 ogres (D:5)
  A phantom (D:5)
  An electric eel (D:7)
  A bullfrog zombie (D:5)
  3 hounds
  A centaur zombie (D:5)
  3 orc priests
  2 iguanas
  3 orc wizards
  A mummy (Ossuary)
  4 gnolls
  8 adders
  An adder skeleton (D:4)
  6 worms
  A dart slug (D:4)
  11 orcs
  6 ball pythons
  6 bats
  5 endoplasms
  14 giant cockroaches
  13 goblins
  6 hobgoblins
  3 jackals (D:4)
  6 kobolds
  5 quokkas
  11 frilled lizards
  5 gnoll skeletons (Ossuary)
  6 kobold skeletons (Ossuary)
  14 orc skeletons (Ossuary)
  15 rats
168 creatures vanquished.

Vanquished Creatures (others)
  14 plants
  6 withered plants (D:3)
20 creatures vanquished.

Grand Total: 188 creatures vanquished

Notes
Turn   | Place    | Note
-------+----------+-------------------------------------------
     0 | D:1      | Borgoz the Minotaur Berserker began the quest for the Orb.
     0 | D:1      | Reached XP level 1. HP: 19/19 MP: 0/0
   251 | D:1      | Reached XP level 2. HP: 27/27 MP: 1/1
  1111 | D:1      | Reached XP level 3. HP: 20/33 MP: 2/2
  1227 | D:1      | Reached ** piety under Trog
  1535 | D:2      | Reached XP level 4. HP: 33/41 MP: 3/3
  1710 | D:3      | Found a glowing drain.
  1723 | Sewer    | Entered a sewer
  2496 | D:3      | Found a faded altar of an unknown god.
  2572 | D:3      | Reached XP level 5. HP: 47/47 MP: 4/4
  2651 | D:3      | Reached *** piety under Trog
  2872 | D:2      | Reached skill level 5 in Fighting
  3690 | D:4      | Reached skill level 5 in Long Blades
  3706 | D:4      | Reached XP level 6. HP: 51/56 MP: 5/5
  3789 | D:4      | Reached **** piety under Trog
  3826 | D:4      | Found a sand-covered staircase.
  3840 | Ossuary  | Entered an ossuary
  3840 | Ossuary  | Noticed a wraith
  3840 | Ossuary  | Noticed a wraith
  3840 | Ossuary  | Noticed a wraith
  3973 | Ossuary  | Noticed a wraith
  3985 | Ossuary  | Killed a wraith
  3986 | Ossuary  | Reached skill level 5 in Armour
  3986 | Ossuary  | Reached XP level 7. HP: 45/62 MP: 6/6
  4467 | D:4      | Noticed Grinder
  4468 | D:4      | Paralysed by Grinder for 7 turns
  4488 | D:4      | Killed Grinder
  4734 | D:5      | Entered Level 5 of the Dungeon
  4742 | D:5      | Reached skill level 5 in Dodging
  4841 | D:5      | Reached XP level 8. HP: 53/71 MP: 7/7
  5016 | D:5      | Noticed Prince Ribbit
  5195 | D:5      | Found a staircase to the Ecumenical Temple.
  5237 | D:5      | Killed Prince Ribbit
  5312 | D:5      | You fall into a shaft and drop 2 floors!
  5453 | D:7      | HP: 1/73 [electric eel/bolt of electricity (15)]
  5454 | D:7      | Killed from afar by an electric eel

Illustrated notes

Levels and vault maps discovered:
D:1:      sevenhm_arrival_forest_fort_large_4, layout_loops_ring, serial_bayou,
          serial_bayou_lagoon_b, serial_bayou_lake_a, serial_bayou_pond_c,
          serial_bayou_ford_a
D:2:      minmay_roachtagon, layout_basic, item_on_display_a
D:3:      layout_rooms, cheibrodos_sewer_entry_bend,
          ebering_ecumenical_altar_petrified, grunt_ministairs_11,
          minmay_misc_feat_columns, hangedman_abyss_or_decor_lesser_grid,
          st_stairs_9
D:4:      layout_loops_ring, enter_ossuary_1, uniq_grinder
D:5:      layout_gridville, minmay_temple_entry_poolview,
          gammafunk_ghost_abyssal_escape, uniq_prince_ribbit1
D:7:      layout_layer_cave, mainiacjoe_overflow_small_starburst, serial_bayou,
          serial_bayou_pond_a, serial_bayou_crossing, serial_bayou_pond_d,
          serial_bayou_pond_c, serial_bayou_pond_e, serial_bayou_lagoon_a,
          uniq_crazy_yiuf_cottage

Skill      XL: |  1  2  3  4  5  6  7  8 |
---------------+-------------------------+-----
Fighting       | 4 5 6 7 |  7.5
Long Blades    | 4 5 6 7 |  7.4
Armour         | 3 4 5 6 |  6.9
Dodging        | 3 4 5 6 |  6.2

Action                   |  1- 3 |  4- 6 |  7- 9 || total
-------------------------+-------+-------+-------++-------
Melee: Falchion          |    62 |   188 |   118 ||   368
       Headbutt          |    12 |    41 |    31 ||    84
Invok: Berserk           |       |     2 |     2 ||     4
  Use: Scroll            |       |     7 |     1 ||     8
 Stab: Sleeping          |       |     3 |       ||     3
Armor: Animal skin       |    11 |    20 |       ||    31
       Scale mail        |       |    33 |    21 ||    54
Dodge: Dodged            |    47 |    92 |    55 ||   194
Block: Other             |       |    14 |    15 ||    29

Table legend: (Time is in decaauts)
 A = Elapsed time spent in this place.
 B = Non-inter-level travel time spent in this place.
 C = Inter-level travel time spent in this place.
 D = Time resting spent in this place.
 E = Time spent auto-exploring this place.
 F = Levels seen in this place.
 G = Mean time per level.
                   A        B        C        D        E       F      G
               +--------+--------+--------+--------+--------+-----+--------+
         Total |   5661 |   5484 |    177 |    909 |   3233 |   8 |  707.6 |
       Dungeon |   4781 |   4604 |    177 |    794 |   2842 |   6 |  796.8 |
         Sewer |    558 |    558 |      0 |     66 |    237 |   1 |  558.0 |
       Ossuary |    322 |    322 |      0 |     49 |    153 |   1 |  322.0 |
               +--------+--------+--------+--------+--------+-----+--------+

Top non-repeatable levels by time:
     D:1: 1593 daAuts
     D:2: 1078 daAuts
     D:4: 783 daAuts
     D:3: 594 daAuts
     D:5: 583 daAuts
   Sewer: 558 daAuts
 Ossuary: 322 daAuts
     D:7: 148 daAuts
